Selects Australian Defense Battlegroup
Selects Australian Light Infantry Section
Australian Light Infantry Section
Australian Light Infantry Section
Construct Section Command Post
Selects 2-pounder Anti-tank Gun Team
Construct Platoon Command Post
2-pounder Anti-tank Gun Team
Unlock M3 Stuart Light Tanks
Construct Field Infirmary
Australian Light Infantry Section
Selects Vehicle Over Repair
Australian Light Infantry Section
2-pounder Anti-tank Gun Team
Selects CMP 15cwt Supply Run
Selects Artillery Trip Wire Flares